 Dungeon Crawl Stone Soup version 0.24.0-13-gcf9b319 (webtiles) character file.

Game seed: 9264631205846696606, levelgen mode: deterministic

16176 Dabs the Basher (level 12, 0/94 HPs)
             Began as a Demonspawn Fighter on Jan 15, 2020.
             Was a Priest of Qazlal.
             Succumbed to a green ugly thing's poison
             ... in an ice cave.
             The game lasted 00:25:04 (17976 turns).

Dabs the Basher (Demonspawn Fighter)               Turns: 17976, Time: 00:25:04

Health: 0/94       AC: 12    Str: 22    XL:     12   Next: 7%
Magic:  12/16      EV: 17    Int: 19    God:    Qazlal [***...]
Gold:   704        SH:  3    Dex: 12    Spells: 11/11 levels left

rFire    + . .     SeeInvis .   n - +4 whip (flame)
rCold    + . .     Gourm    .   (no shield)
rNeg     . . .     Faith    .   k - +2 chain mail "Cohicem" {Int+4}
rPois    +         Spirit   .   (helmet unavailable)
rElec    +         Reflect  .   (no cloak)
rCorr    +         Harm     .   (gloves unavailable)
MR       +....                  (no boots)
Stlth    ..........             (no amulet)
HPRegen  0.25/turn              u - ring of protection from magic
MPRegen  0.15/turn              L - +6 ring of evasion

@: brilliant, lethally poisoned (0 -> -5), resistant, very slightly contaminated
A: claws 3, horns 3, talons 1
a: Upheaval, Elemental Force, Renounce Religion


You were in an ice cave.
You worshipped Qazlal.
Qazlal was most pleased with you.
You were not hungry.

You visited 3 branches of the dungeon, and saw 14 of its levels.
You also visited: Sewer and Ice Cave.

You collected 760 gold pieces.
You spent 56 gold pieces at shops.

Inventory:

Hand Weapons
 a - a +0 flail
 b - a +2 broad axe of freezing
 n - a +4 whip of flaming (weapon)
Armour
 c - a +0 shield
 e - the +1 robe of Minor Irritation {rC+}
   (You found it on level 6 of the Dungeon)

   It protects you from cold.
 k - the +2 chain mail "Cohicem" (worn) {Int+4}
   (You found it on level 7 of the Dungeon)

   It affects your intelligence (+4).
Jewellery
 o - an uncursed ring of magical power
 q - an uncursed ring of protection from fire
 u - a ring of protection from magic (left claw)
 w - an uncursed ring of protection from magic
 C - an uncursed ring of protection from magic
 D - an uncursed amulet of guardian spirit {unknown}
 L - a +6 ring of evasion (right claw)
Wands
 y - a wand of random effects (18)
 z - a wand of iceblast (16)
 E - a wand of flame (57)
 I - a wand of digging (13)
 M - a wand of enslavement (8)
 N - a wand of paralysis (2)
Scrolls
 d - 3 scrolls of magic mapping
 l - 13 scrolls of teleportation
 m - a scroll of fog
 p - 7 scrolls of remove curse
 r - 3 scrolls of enchant weapon
 s - 3 scrolls of amnesia
 F - 2 scrolls of vulnerability
 H - 2 scrolls of silence
Potions
 h - a potion of agility
 i - 4 potions of magic
 t - 2 potions of mutation
 v - 2 potions of brilliance
 x - a potion of resistance
 B - 2 potions of flight
Comestibles
 f - 10 rations


   Skills:
 + Level 8.4 Fighting
 * Level 10.3 Maces & Flails
 + Level 7.6 Armour
 + Level 7.0 Dodging
 - Level 2.6 Shields
 + Level 6.7 Unarmed Combat
 + Level 5.7 Invocations
 + Level 4.4 Evocations


You had 11 spell levels left.
You didn't know any spells.
Your spell library contained the following spells:

 Spells                   Type           Power        Failure   Level  Hunger
 Infusion                 Chrm           ##..         14%         1    ##.....
 Shroud of Golubria       Chrm/Tloc      ##....       22%         2    ###....
 Song of Slaying          Chrm           ##......     22%         2    ###....
 Regeneration             Chrm/Necr      ##........   36%         3    ####...
 Spectral Weapon          Hex/Chrm       ##......     36%         3    ####...


Dungeon Overview and Level Annotations

Branches:
Dungeon (10/15)            Temple (1/1) D:5            Lair (3/6) D:8
 Shoals (0/4) Lair:3        Sewer (visited)           IceCv (1/1)
  Snake: Lair:2-4    Spider: Lair:2-4       Orc: D:9-12

Altars:
Ashenzari
Cheibriados
Dithmenos
Elyvilon
Fedhas
Gozag
Hepliaklqana
Kikubaaqudgha
Makhleb
Nemelex Xobeh
Okawaru
Qazlal
Ru
Sif Muna
Trog
Uskayaw
Vehumet
Wu Jian
Xom
Yredelemnul
Zin
The Shining One

Shops:
D:9 *

Annotations:
D:10 Sonja IceCv 1 transporter


Innate Abilities, Weirdness & Mutations

You have claws for hands.
You have a pair of large horns on your head.
You have sharp toenails.


Message History

You start to feel less resistant.
* * * LOW HITPOINT WARNING * * *
You feel sick.
* * * LOW HITPOINT WARNING * * *
You feel sick.
Your fire elemental disappears in a puff of smoke!
You see here 44 gold pieces.
* * * LOW HITPOINT WARNING * * *
You feel sick.
Unknown command.
Unknown command.
Evoke which item? (* to show all) (? for menu, Esc to quit)
Okay, then.
You feel protected.
Okay, then.
You feel clever all of a sudden.
* * * LOW HITPOINT WARNING * * *
You feel sick.
You feel protected.
You die...

##.........##
#.....∩.....#
#...........#
##...........##
#.............#
#..†.8...8....#
#......?......#
##...§$©}....##
#...?@○.$...#
##...8©8...##
###########


There were no monsters in sight!

Vanquished Creatures
  Gastronok (D:10)
  A two-headed ogre (shapeshifter) (D:9)
  An unseen horror (D:9)
  Pikel (D:7)
  An ugly thing (IceCv)
  Maurice (D:10)
  2 elephants (Lair:3)
  Joseph (D:7)
  A torpor snail (Lair:2)
  3 spiny frogs
  2 komodo dragons (Lair:2)
  A hippogriff (Lair:2)
  A wyvern (Lair:2)
  A spriggan (D:7)
  25 yaks
  A hungry ghost (D:8)
  8 water moccasins
  An orc warrior (D:7)
  4 porcupines (Lair:1)
  A sky beast (D:9)
  5 ice beasts
  2 phantoms (D:7)
  2 ogres
  2 centaurs
  4 crocodiles
  2 big kobolds
  13 bullfrogs
  A gnoll sergeant (D:6)
  6 scorpions
  A howler monkey (D:4)
  6 jellies
  An electric eel (Lair:2)
  3 crimson imps
  5 orc priests
  4 bullfrog skeletons
  3 hounds
  4 iguanas
  Ijyb (D:4)
  Terence (D:2)
  5 worker ants
  9 orc wizards
  A killer bee zombie (D:6)
  A hound skeleton (D:8)
  2 worker ant zombies
  8 gnolls (D:7)
  18 adders
  2 river rats (Sewer)
  A shadow imp (D:5)
  An adder skeleton (D:5)
  3 worms
  4 dart slugs
  7 leopard geckos
  33 orcs
  7 giant cockroaches
  6 goblins
  5 hobgoblins
  19 jackals
  19 kobolds
  7 quokkas
  11 ball pythons
  8 bats
  9 frilled lizards
  A giant cockroach zombie (D:4)
  A jackal skeleton (D:4)
  37 rats
349 creatures vanquished.

Vanquished Creatures (collateral kills)
  3 ice beasts (IceCv)
3 creatures vanquished.

Vanquished Creatures (others)
  3 slaves (D:7)
  A howler monkey zombie (D:7)
  21 fungi (Lair:3)
  A plant (Lair:3)
26 creatures vanquished.

Grand Total: 378 creatures vanquished

Notes
Turn   | Place    | Note
-------+----------+-------------------------------------------
     0 | D:1      | Dabs the Demonspawn Fighter began the quest for the Orb.
     0 | D:1      | Reached XP level 1. HP: 18/18 MP: 1/1
    31 | D:1      | Reached skill level 2 in Maces & Flails
    70 | D:1      | Gained mutation: You have sharp fingernails. [demonic
                  | ancestry]
    70 | D:1      | Reached XP level 2. HP: 20/24 MP: 2/2
   480 | D:2      | Gained mutation: You have very sharp fingernails. [demonic
                  | ancestry]
   480 | D:2      | Reached XP level 3. HP: 28/29 MP: 3/3
   598 | D:2      | Reached skill level 1 in Dodging
   831 | D:2      | Noticed Terence
   844 | D:2      | Killed Terence
   844 | D:2      | Reached XP level 4. HP: 32/35 MP: 4/4
  1006 | D:3      | Found a glowing drain.
  1020 | D:3      | Reached skill level 3 in Maces & Flails
  1027 | Sewer    | Entered a sewer
  1823 | Sewer    | Gained mutation: You have sharp toenails. [demonic
                  | ancestry]
  1823 | Sewer    | Reached XP level 5. HP: 39/42 MP: 5/5
  1877 | Sewer    | Reached skill level 1 in Unarmed Combat
  2227 | Sewer    | Gained mutation: You have claws for hands. [demonic
                  | ancestry]
  2227 | Sewer    | Reached XP level 6. HP: 24/48 MP: 6/6
  3273 | D:3      | Reached skill level 4 in Maces & Flails
  3382 | D:3      | You fall into a shaft and drop 1 floor!
  3567 | D:3      | Found a hide-covered altar of Uskayaw.
  4005 | D:4      | Noticed Ijyb
  4016 | D:4      | Killed Ijyb
  4040 | D:4      | Gained mutation: You have a pair of small horns on your
                  | head. [demonic ancestry]
  4040 | D:4      | Reached XP level 7. HP: 21/55 MP: 7/7
  5169 | D:5      | Entered Level 5 of the Dungeon
  5169 | D:5      | Found a staircase to the Ecumenical Temple.
  5205 | Temple   | Entered the Ecumenical Temple
  5292 | Temple   | Became a worshipper of Qazlal Stormbringer
  5677 | D:5      | Reached skill level 5 in Maces & Flails
  5849 | D:5      | Reached XP level 8. HP: 60/61 MP: 8/8
  5874 | D:5      | Found a shattered altar of Ashenzari.
  5994 | D:5      | Reached skill level 5 in Fighting
  7237 | D:6      | Got a brightly glowing robe
  7689 | D:6      | Found a shadowy altar of Dithmenos.
  7725 | D:6      | Reached skill level 6 in Maces & Flails
  7878 | D:6      | Reached * piety under Qazlal
  7880 | D:6      | Reached skill level 5 in Armour
  8844 | D:7      | Noticed Joseph
  8870 | D:7      | HP: 2/64 [spriggan baker/+0 dagger (10)]
  8871 | D:7      | Reached XP level 9. HP: 9/69 MP: 9/9
  8879 | D:7      | HP: 3/69 [orc/boomerang (4)]
  9264 | D:7      | Noticed Pikel
  9276 | D:7      | Killed Pikel
  9276 | D:7      | Reached skill level 7 in Maces & Flails
  9349 | D:7      | Killed Joseph
  9612 | D:7      | Reached ** piety under Qazlal
 10108 | D:6      | HP: 3/70 [gnoll sergeant/+6 spear of pain (16)]
 10785 | D:8      | Found a staircase to the Lair.
 11006 | D:8      | Reached skill level 5 in Dodging
 11445 | D:8      | Reached skill level 8 in Maces & Flails
 11445 | D:8      | Gained mutation: You have a pair of horns on your head.
                  | [demonic ancestry]
 11445 | D:8      | Reached XP level 10. HP: 77/77 MP: 10/10
 11832 | D:9      | Reached skill level 5 in Unarmed Combat
 11959 | D:9      | Reached *** piety under Qazlal
 12203 | D:9      | Noticed a faun
 12205 | D:9      | Noticed an elephant
 12205 | D:9      | a faun changed into an elephant
 12439 | D:9      | Noticed a two-headed ogre
 12450 | D:9      | Killed a two-headed ogre
 12450 | D:9      | Reached skill level 1 in Invocations
 12450 | D:9      | Reached skill level 1 in Evocations
 12596 | D:9      | Found Rezuoguji's Assorted Antiques.
 12608 | D:9      | Bought a scroll of identify for 56 gold pieces
 12858 | D:7      | Got an encrusted chain mail
 12869 | D:7      | Identified the +2 chain mail "Cohicem" {Int+4} (You found
                  | it on level 7 of the Dungeon)
 12881 | D:7      | Identified the +1 robe of Minor Irritation {rC+} (You found
                  | it on level 6 of the Dungeon)
 13205 | D:10     | Entered Level 10 of the Dungeon
 13247 | D:10     | Noticed Gastronok
 13266 | D:10     | Killed Gastronok
 13266 | D:10     | Reached skill level 9 in Maces & Flails
 13370 | D:10     | Noticed Maurice
 13384 | D:9      | Killed an unseen horror
 13384 | D:9      | Gained mutation: You have a pair of large horns on your
                  | head. [demonic ancestry]
 13384 | D:9      | Reached XP level 11. HP: 27/84 MP: 13/13
 13832 | D:10     | Killed Maurice
 13920 | D:10     | Noticed Sonja
 14433 | Lair:1   | Entered Level 1 of the Lair of Beasts
 16554 | Lair:2   | Reached skill level 5 in Invocations
 16568 | Lair:2   | Reached skill level 10 in Maces & Flails
 16570 | Lair:2   | Reached **** piety under Qazlal
 17342 | Lair:3   | Identified a scroll of acquirement
 17897 | Lair:3   | Reached XP level 12. HP: 80/94 MP: 16/16
 17917 | Lair:3   | Found a frozen archway.
 17921 | IceCv    | Entered an ice cave
 17927 | IceCv    | Found a transporter.
 17971 | IceCv    | HP: 4/94 [poisoned by a green ugly thing]
 17973 | IceCv    | HP: 1/94 [poisoned by a green ugly thing]
 17976 | IceCv    | Succumbed to a green ugly thing's poison

Levels and vault maps discovered:
D:1:      dpeg_arrival_rooms_b, layout_rooms, dk_noncrumbling_4
D:2:      layout_basic, uniq_terence
D:3:      layout_rooms, lemuel_doored_altar, cheibrodos_sewer_entry_drain
D:4:      layout_gridville, uniq_ijyb
D:5:      layout_basic, minmay_temple_entry_junction, first_ration, basic_altar,
          kennysheep_generic_room_9
D:6:      layout_cave_pools, nicolae_dithmenos_the_darkroom
D:7:      layout_rooms, the_bakery, uniq_joseph, uniq_pikel
D:8:      layout_basic, dpeg_oklobed_lair
D:9:      layout_basic, serial_shops, nicolae_shop_stone
D:10:     layout_layer_cave, gammafunk_ghost_arena, uniq_maurice, uniq_sonja,
          uniq_gastronok
Temple:   dpeg_three_leaves_temple
Lair:1:   layout_roguey
Lair:2:   layout_cave_shapes, grunt_megastairs_4, infiniplex_staircase_pool
Lair:3:   mu_elephants_graveyard, layout_chaotic_city, shoals_dummy_entry,
          gammafunk_ghost_ooze, portal_ice_cave_demonic_guard,
          chequers_serial_rivers_micro_d
IceCv:    ice_cave_statue_garden_transporter

Skill      XL: |  1  2  3  4  5  6  7  8  9 10 11 12 |
---------------+-------------------------------------+-----
Maces & Flails | 2 3 4 5 6 8 9 10 | 10.3
Armour         | 3 4 5 6 7 |  7.6
Dodging        | 1 2 3 4 5 6 7 |  7.0
Unarmed Combat | 1 2 3 4 5 6 |  6.7
Fighting       | 4 5 6 7 8 |  8.4
Invocations    | 3 5 |  5.7
Evocations     | 2 4 |  4.4
Shields        | |  2.6

Action                   |  1- 3 |  4- 6 |  7- 9 | 10-12 || total
-------------------------+-------+-------+-------+-------++-------
Melee: Flail             |   138 |   250 |   253 |       ||   641
       Kick              |       |    37 |   111 |   138 ||   286
       Punch             |       |     1 |     9 |    10 ||    20
       Headbutt          |       |       |    80 |    97 ||   177
       Whip              |       |       |   166 |   369 ||   535
Invok: Elemental Force   |       |       |       |     3 ||     3
Evoke: Wand              |       |       |     8 |    21 ||    29
  Use: Potion            |       |     9 |     9 |    15 ||    33
       Scroll            |       |     6 |     7 |    24 ||    37
  Eat: Chunk             |       |    10 |    12 |     6 ||    28
       Ration            |       |       |     4 |     5 ||     9
Armor: Scale mail        |    73 |   180 |   157 |    24 ||   434
       Chain mail        |       |       |       |    90 ||    90
Dodge: Dodged            |    85 |   250 |   255 |   165 ||   755
Block: Other             |       |       |    18 |    56 ||    74
